 Dungeon Crawl Stone Soup version 0.19-a0-905-ge5e6a15 (webtiles) character file.

156 George the Conjurer (level 5, -4/28 HPs)
             Began as a Deep Elf Conjurer on July 5, 2016.
             Slain by an ice beast (14 damage)
             ... on level 6 of the Dungeon.
             The game lasted 00:04:01 (2463 turns).

George the Conjurer (Deep Elf Conjurer)             Turns: 2463, Time: 00:04:01

Health: -4/28      AC:  2    Str:  5    XL:     5   Next: 14%
Magic:  4/11       EV: 13    Int: 21    God:
Gold:   172        SH:  0    Dex: 15    Spells: 1 memorised, 9 levels left

rFire  + . .     SeeInvis .     l - +2 dagger (elec)
rCold  . . .     Gourm    .     a - +0 robe
rNeg   . . .     Faith    .     (no shield)
rPois  .         Spirit   .     (no helmet)
rElec  .         Dismiss  .     (no cloak)
rCorr  .         Reflect  .     (no gloves)
SustAt .         Harm     .     (no boots)
MR     .....                    (no amulet)
Stlth  ++........               (no ring)
                                g - ring of protection from fire (curse)

@: not resistant to hostile enchantments, unstealthy
A: no striking features
a: no special abilities


You were on level 6 of the Dungeon.
You were not hungry.

You visited 1 branch of the dungeon, and saw 4 of its levels.

You collected 172 gold pieces.

Inventory:

Hand Weapons
 l - a +2 dagger of electrocution (weapon)
Armour
 a - a +0 robe (worn)
Jewellery
 g - a cursed ring of protection from fire (left hand)
Scrolls
 d - a scroll of recharging {unknown}
 e - a scroll of blinking {unknown}
 i - 4 scrolls of remove curse {unknown}
 k - a scroll of magic mapping {unknown}
 m - a scroll of amnesia {unknown}
 n - 3 scrolls of fear {unknown}
 t - a scroll of identify {unknown}
 u - a scroll of enchant weapon {unknown}
 w - a scroll of fog {unknown}
Potions
 o - 4 potions of curing {unknown}
 p - a potion of magic {unknown}
 q - a potion of agility {unknown}
 r - 2 potions of resistance {unknown}
 v - a potion of brilliance {unknown}
Books
 b - a book of Conjurations

   Spells                             Type                      Level
   a - Magic Dart                     Conjuration                  1
   b - Searing Ray                    Conjuration                  2
   c - Dazzling Spray                 Conjuration/Hexes            3
   d - Fulminant Prism                Conjuration/Hexes            4
   e - Iskenderun's Mystic Blast      Conjuration                  4
   f - Iskenderun's Battlesphere      Conjuration/Charms           5
Comestibles
 c - a bread ration
 h - 3 meat rations
 j - 2 beef jerkies
 x - a chunk of flesh


   Skills:
 - Level 2.4 Dodging
 - Level 2.4 Stealth
 - Level 3.0 Spellcasting
 + Level 7.1 Conjurations


You had 9 spell levels left.
You knew the following spells:

 Your Spells              Type           Power        Failure   Level  Hunger
a - Magic Dart            Conj           ####         1%          1    None


Dungeon Overview and Level Annotations

Branches:
Dungeon (3/15)

Altars:


Message History

The ice beast is moderately wounded.
The ice beast misses you.
Casting: Magic Dart
Confirm with . or Enter, or press ? or * to list all spells.
Aiming: Magic Dart
Press: ? - help, Shift-Dir - straight line, f/p - ice beast
Aim: an ice beast (moderately wounded)
The magic dart hits the ice beast.
The ice beast is heavily wounded.
The ice beast hits you. The ice beast freezes you!
Casting: Magic Dart
Confirm with . or Enter, or press ? or * to list all spells.
Aiming: Magic Dart
Press: ? - help, Shift-Dir - straight line, f/p - ice beast
Aim: an ice beast (heavily wounded)
The magic dart hits the ice beast.
The ice beast is heavily wounded.
The ice beast hits you. The ice beast freezes you!
Ouch! That really hurt!
You die...

.......... .........
........ ### .......
.... ####....#
######.... #..#....#
#......... #..#....#
#......... #..#@...#
#.....##+###..Y....#
#.....#.......#....#
#.....#...##..#....#
#.....#...##..#....+
#.....#.......+....#
#.....#.......#....#
##.....###.###.#....#
.....#####.###.##....


You could see an ice beast.

Vanquished Creatures
  A howler monkey (D:6)
  A centaur skeleton (D:6)
  3 adders
  3 worms
  3 dart slugs
  A giant gecko (D:2)
  A giant cockroach (D:3)
  9 hobgoblins
  5 jackals
  6 bats
  2 giant newts (D:1)
  3 goblins
  9 kobolds
  6 rats
53 creatures vanquished.

Notes
Turn   | Place    | Note
-------+----------+-------------------------------------------
     0 | D:1      | George the Deep Elf Conjurer began the quest for the Orb.
     0 | D:1      | Reached XP level 1. HP: 10/10 MP: 6/6
   461 | D:1      | Reached XP level 2. HP: 15/15 MP: 6/8
   543 | D:1      | Reached skill level 5 in Conjurations
  1278 | D:2      | Reached XP level 3. HP: 19/19 MP: 0/9
  1693 | D:2      | Reached skill level 6 in Conjurations
  2086 | D:3      | Reached XP level 4. HP: 24/24 MP: 6/10
  2175 | D:3      | You fall through a shaft for 3 floors!
  2309 | D:6      | Reached skill level 7 in Conjurations
  2309 | D:6      | Reached XP level 5. HP: 12/28 MP: 9/11
  2454 | D:6      | Noticed an ice beast
  2463 | D:6      | Slain by an ice beast

Vault maps used:
D:1:      matt_arrival_grand_opening
D:3:      tgw_sif
D:6:      uniq_pikel, uniq_edmund, uniq_sigmund

Skill      XL: |  1  2  3  4 |
---------------+-------------+-----
Conjurations   | 5 6 7 |  7.1
Dodging        | |  2.4
Stealth        | |  2.4
Spellcasting   | |  3.0

Action                   |  1- 3 |  4- 6 || total
-------------------------+-------+-------++-------
Melee: Short sword       |     1 |       ||     1
       Dagger            |    11 |    10 ||    21
 Cast: Magic Dart        |    87 |    27 ||   114
  Eat: Chunk             |     3 |     2 ||     5
Armor: Robe              |     1 |     1 ||     2
Dodge: Dodged            |    10 |     9 ||    19
